 Dungeon Crawl Stone Soup version 0.24-a0-441-g27f0392e16 (webtiles) character file.

Game seed: 12823389289563899366

53837 Arthanis the Severer (level 14, -6/92 HPs)
             Began as a Gargoyle Berserker on June 20, 2019.
             Was an Elder of Trog.
             Mangled by an orc warrior
             ... wielding a +0 halberd
              (29 damage)
             ... on level 2 of the Orcish Mines.
             The game lasted 00:42:49 (16506 turns).

Arthanis the Severer (Gargoyle Berserker)          Turns: 16506, Time: 00:42:50

Health: -6/92      AC: 34    Str: 26    XL:     14   Next: 70%
Magic:  19/19      EV: 11    Int: 13    God:    Trog [****..]
Gold:   1417       SH:  9    Dex:  9    Spells: 13/13 levels left

rFire    . . .     SeeInvis .   l - +0 spear (vamp)
rCold    . . .     Gourm    .   E - +0 shield {AC+3}
rNeg     + . .     Faith    .   P - +0 plate armour
rPois    ∞         Spirit   .   V - +2 hat
rElec    +         Reflect  .   T - +0 cloak
rCorr    .         Harm     .   G - +2 pair of gloves
MR       +++..                  B - +0 pair of boots
Stlth    ..........             U - amulet of regeneration
HPRegen  1.65/turn              x - +5 ring of evasion
MPRegen  0.16/turn              F - +5 ring of strength

@: berserk cooldown, regenerating, lightly drained
A: big wings, negative energy resistance 1, electricity resistance, unbreathing,
petrification resistance, rot immunity, AC +10
a: Fly, Berserk, Trog's Hand, Brothers in Arms, Renounce Religion


You were on level 2 of the Orcish Mines.
You worshipped Trog.
Trog was greatly pleased with you.
You were not hungry.

You visited 2 branches of the dungeon, and saw 17 of its levels.
You also visited: Sewer and Ossuary.

You collected 1840 gold pieces.
You spent 423 gold pieces at shops.

Inventory:

Hand Weapons
 b - a +2 war axe of chopping
 k - a +2 trident of venom
 l - a +0 vampiric spear (weapon)
 H - a +0 antimagic hand axe
 W - the +8 morningstar of Feymeu {freeze, +Blink rC+ Str+2 Dex-2}
   (You found it on level 8 of the Dungeon)

   It has been specially enchanted to freeze those struck by it, causing extra
   injury to most foes and up to half again as much damage against particularly
   susceptible opponents.
   It can also slow down cold-blooded creatures.
   It affects your strength (+2).
   It affects your dexterity (-2).
   It protects you from cold.
   It lets you blink.
Missiles
 Y - a throwing net (quivered)
Armour
 B - a +0 pair of boots (worn)
 C - +0 ice dragon scales
 E - a +0 shield of protection (worn)
 G - a +2 pair of gloves (worn)
 P - a +0 plate armour (worn)
 T - a +0 cloak (worn)
 V - a +2 hat (worn)
Jewellery
 e - an uncursed amulet of rage {unknown}
 f - an uncursed ring of protection from cold
 m - an uncursed ring of fire
 x - a +5 ring of evasion (left hand)
 y - an uncursed ring of resist corrosion
 F - a +5 ring of strength (right hand)
 U - an amulet of regeneration (around neck)
Wands
 a - a wand of clouds (2)
 z - a wand of iceblast (17)
 L - a wand of disintegration (18)
 Q - a wand of paralysis (12)
Scrolls
 d - 2 scrolls of vulnerability {unknown}
 g - 4 scrolls of fear
 h - 11 scrolls of remove curse
 i - a scroll of blinking
 o - 6 scrolls of enchant weapon
 p - 2 scrolls of fog {unknown}
 r - a scroll of enchant armour {unknown}
 A - 2 scrolls of amnesia {unknown}
 D - a scroll of torment {unknown}
 M - 3 scrolls of immolation {unknown}
 O - 2 scrolls of magic mapping {unknown}
 X - 2 scrolls of summoning {unknown}
Potions
 j - 2 potions of haste
 n - 14 potions of curing
 q - 2 potions of heal wounds
 s - a potion of lignification {unknown}
 t - 8 potions of invisibility
 v - 5 potions of degeneration {unknown}
 w - 3 potions of might
 I - 3 potions of berserk rage
 J - 3 potions of agility
 K - 3 potions of mutation {unknown}
 N - 3 potions of brilliance {unknown}
 R - a potion of cancellation {unknown}
 S - 3 potions of flight {unknown}
 Z - a potion of ambrosia {unknown}
Comestibles
 c - 13 rations


   Skills:
 - Level 12.0(11.6) Fighting
 * Level 17.2(16.8) Axes
 - Level 8.0(7.6) Armour
 - Level 4.0(3.7) Dodging
 - Level 4.0(3.6) Shields
 + Level 7.1(6.8) Evocations


You had 13 spell levels left.
You didn't know any spells.
Your spell library contained the following spells:

 Spells                   Type           Power        Failure   Level  Hunger
 Beastly Appendage        Tmut           #.....       100%        1    ##.....
 Confusing Touch          Hex            #.....       100%        1    ##.....
 Corona                   Hex            #......      100%        1    ##.....
 Magic Dart               Conj           #...         100%        1    ##.....
 Blink                    Tloc           N/A          100%        2    ###....
 Call Imp                 Summ           #.......     100%        2    ###....
 Ensorcelled Hibernation  Hex/Ice        #.....       100%        2    ###....
 Searing Ray              Conj           #.....       100%        2    ###....
 Slow                     Hex            #.......     100%        2    ###....
 Sticks to Snakes         Tmut           #.......     100%        2    ###....
 Confuse                  Hex            #.......     100%        3    ####...
 Conjure Flame            Conj/Fire      #.......     100%        3    ####...
 Dazzling Spray           Conj/Hex       #.....       100%        3    ####...
 Gell's Gravitas          Tloc           #.........   100%        3    ####...
 Mephitic Cloud           Conj/Pois/Air  #.......     100%        3    ####...
 Spider Form              Tmut/Pois      #.........   100%        3    ####...
 Tukima's Dance           Hex            #.......     100%        3    ####...
 Force Lance              Conj/Tloc      #.......     100%        4    #####..
 Fulminant Prism          Conj/Hex       #.........   100%        4    #####..
 Ice Form                 Ice/Tmut       #.......     100%        4    #####..
 Iskenderun's Mystic Bla  Conj           #.......     100%        4    #####..
 Petrify                  Tmut/Erth      #.......     100%        4    #####..
 Blade Hands              Tmut           #.........   100%        5    ######.
 Irradiate                Conj/Tmut      #.........   100%        5    ######.
 Metabolic Englaciation   Hex/Ice        #.........   100%        5    ######.
 Yara's Violent Unravell  Hex/Tmut       #.........   100%        5    ######.
 Bolt of Cold             Conj/Ice       #.........   100%        6    #######
 Freezing Cloud           Conj/Ice/Air   #.........   100%        6    #######
 Hydra Form               Tmut           #.........   100%        6    #######
 Ozocubu's Refrigeration  Ice            #.........   100%        6    #######
 Simulacrum               Ice/Necr       #.........   100%        6    #######
 Dragon Form              Tmut           #.........   100%        7    #######
 Statue Form              Tmut/Erth      Unusable     N/A         6    N/A

Dungeon Overview and Level Annotations

Branches:
Dungeon (15/15)            Temple (0/1) D:5            Lair (0/6) D:11
    Orc (2/2) D:9          Vaults (0/5) D:14         Depths (0/5) D:15
    Elf: Orc:2

Altars:
Ashenzari
Dithmenos
Hepliaklqana
Kikubaaqudgha
Okawaru
Ru
Uskayaw
Zin

Shops:
D:12 *%?(   D:14 :

Annotations:
D:14 2 runed translucent doors


Innate Abilities, Weirdness & Mutations

You are resistant to torment.
Your stone body is resilient. (AC +10)
You are immune to poison.
Your large and strong wings let you fly indefinitely.
You resist negative energy. (rN+)
You are resistant to electric shocks. (rElec)
You can survive without breathing.
You are immune to petrification.
You are immune to rotting.


Message History

The orc priest hits you with a +0 whip.
The orc warrior hits you from afar with a +0 halberd!
You closely miss the orc priest.
The orc priest is moderately wounded.
The orc knight hits you but does no damage.
You puncture the orc priest!
You feel better.
The orc priest is almost dead.
The orc priest hits you but does no damage.
The orc warrior hits you from afar with a +0 halberd!!
* * * LOW HITPOINT WARNING * * *
You puncture the orc priest!
You kill the orc priest!
Trog accepts your kill.
The orc knight hits you with a +0 battleaxe.
* * * LOW HITPOINT WARNING * * *
Your ogre goes berserk!
You feel quite a bit more hungry. Trog will no longer gift you weapons.
The orc warrior hits you from afar with a +0 halberd!!
You die...

....................##..####.##
..................[..#...#.###
.......#..[.).#..............##
...........<)#.....#..........#
...............)...#......##...#
..........................# ..#
..............O............# ..
............#......##..##.#....
............###.@o.##### #.....
.............####)## .....#
.#..##........##)o## 8...8#
#...##.....#.##.)..# .....#
##.##.......####...# ...
##.###.....## #....#
#...####...# #.....# ##.## #...#
##.#.... ### ##.## ........


You could see an orc knight, an orc warrior and a friendly ogre (berserk).

Vanquished Creatures
  A sphinx (D:14)
  A storm dragon (D:14)
  An orc warlord (Orc:2)
  An ogre mage (D:14)
  A vault guard (D:14)
  4 hydras
  A yaktaur captain (D:14)
  4 centaur warriors
  A catoblepas (D:13)
  A death knight (D:14)
  A two-headed ogre (D:14)
  3 tengu warriors
  Nergalle (D:12)
  4 unseen horrors
  A flayed ghost (D:13)
  A wolf spider (D:14)
  3 orc knights
  A necromancer (D:15)
  A wolf spider zombie (D:15)
  2 orc sorcerers (Orc:2)
  Pikel (D:9)
  A stone giant zombie (D:15)
  A harpy (D:14)
  A deep elf mage (D:14)
  6 cyclopes
  10 ugly things (D:15)
  Maurice (D:8)
  Joseph (D:7)
  3 centaur zombies
  A gargoyle (D:13)
  2 efreet
  A komodo dragon (D:11)
  4 trolls
  2 hornets
  An ettin zombie (D:15)
  4 hippogriffs
  2 slime creatures (D:12)
  A centaur simulacrum (D:15)
  2 shadows
  3 vampires
  2 tarantellas (shapeshifter)
  2 wraiths
  2 wyverns
  18 yaks
  2 humans (D:8)
  A golden eye (shapeshifter) (D:14)
  3 steam dragons
  2 wargs
  A hungry ghost (D:12)
  3 vampire mosquitoes
  2 water moccasins
  A hornet zombie (D:10)
  3 eyes of draining
  2 black bears
  3 ogres
  4 sky beasts
  20 orc warriors
  4 ice beasts
  A phantom (D:6)
  A necrophage (D:7)
  12 centaurs
  3 boggarts (D:11)
  4 crocodiles
  5 big kobolds
  12 bullfrogs
  4 water moccasin zombies
  3 scorpions
  3 wights (D:12)
  3 howler monkeys (D:13)
  8 crimson imps
  2 bullfrog zombies
  3 jellies
  A gnoll shaman (Orc:2)
  4 hounds
  A bullfrog skeleton (D:12)
  9 orc priests
  7 centaur skeletons
  14 orc wizards
  Jessica (D:2)
  11 worker ants
  An iguana (D:10)
  A big kobold zombie (Ossuary)
  4 hound skeletons
  2 mummies (Ossuary)
  A worker ant zombie (D:5)
  5 gnolls
  A howler monkey skeleton (D:7)
  13 adders
  4 shadow imps
  2 oozes
  6 adder zombies (Ossuary)
  An adder skeleton (D:7)
  2 worms (D:2)
  3 dart slugs
  4 leopard geckos
  77 orcs
  9 giant cockroaches
  3 gnoll zombies (Ossuary)
  7 goblins
  9 hobgoblins
  13 jackals
  30 kobolds
  3 quokkas
  14 bats
  7 frilled lizards
  7 hobgoblin zombies (Ossuary)
  A jackal skeleton (D:4)
  6 kobold zombies (Ossuary)
  A leopard gecko skeleton (D:4)
  A leopard gecko zombie (D:7)
  6 orc zombies (Ossuary)
  2 quokka skeletons
  5 rats
520 creatures vanquished.

Vanquished Creatures (collateral kills)
  Rupert (D:12)
  A vampire mage (D:15)
  2 skeletal warriors (D:15)
  A troll (D:15)
  A slime creature (D:12)
  A hippogriff (D:11)
  2 vampire mosquitoes (D:12)
  A crocodile (D:12)
  A crimson imp (D:12)
11 creatures vanquished.

Vanquished Creatures (others)
  A jelly (D:12)
  A quasit (D:9)
  5 orcs (D:9)
  A fungus (D:5)
8 creatures vanquished.

Grand Total: 539 creatures vanquished

Notes
Turn   | Place    | Note
-------+----------+-------------------------------------------
     0 | D:1      | Arthanis the Gargoyle Berserker began the quest for the
                  | Orb.
     0 | D:1      | Reached XP level 1. HP: 14/14 MP: 1/1
    50 | D:1      | Reached XP level 2. HP: 13/19 MP: 2/2
    93 | D:1      | Reached skill level 3 in Axes
   420 | D:1      | Reached XP level 3. HP: 20/23 MP: 3/3
   616 | D:1      | Reached ** piety under Trog
   824 | D:2      | Found an ancient bone altar of Kikubaaqudgha.
   877 | D:2      | Found a sacrificial altar of Ru.
   989 | D:2      | Found a shadowy altar of Dithmenos.
  1020 | D:2      | Reached XP level 4. HP: 27/29 MP: 4/4
  1344 | D:2      | Noticed Jessica
  1352 | D:2      | Killed Jessica
  1352 | D:2      | Reached XP level 5. HP: 33/33 MP: 5/5
  1635 | D:3      | Reached skill level 4 in Axes
  1660 | D:3      | Noticed a sky beast
  1703 | D:3      | Killed a sky beast
  1703 | D:3      | Reached XP level 6. HP: 39/39 MP: 6/6
  1760 | D:3      | Found a glowing drain.
  1839 | D:3      | Reached *** piety under Trog
  1857 | Sewer    | Entered a sewer
  1942 | Sewer    | Reached skill level 5 in Axes
  2062 | D:3      | Noticed an ice beast
  2071 | D:3      | Killed an ice beast
  2071 | D:3      | Reached skill level 5 in Fighting
  2071 | D:3      | Reached XP level 7. HP: 44/44 MP: 7/7
  2243 | D:3      | Found a glowing silver altar of Zin.
  2352 | D:3      | Found a hazy altar of Hepliaklqana.
  2629 | D:4      | Found a shattered altar of Ashenzari.
  3162 | D:5      | Entered Level 5 of the Dungeon
  3275 | D:5      | Reached skill level 6 in Axes
  3275 | D:5      | Reached skill level 5 in Armour
  3414 | D:5      | Reached **** piety under Trog
  3577 | D:5      | Reached XP level 8. HP: 50/51 MP: 8/8
  3584 | D:5      | Found a staircase to the Ecumenical Temple.
  3614 | D:5      | Reached skill level 1 in Evocations
  4117 | D:6      | Reached skill level 7 in Axes
  4518 | D:7      | Got a brightly glowing ring mail
  4604 | D:7      | Found a sand-covered staircase.
  4621 | Ossuary  | Entered an ossuary
  4776 | Ossuary  | Reached XP level 9. HP: 56/56 MP: 10/10
  5027 | D:7      | Noticed Joseph
  5051 | D:7      | Killed Joseph
  5051 | D:7      | Reached skill level 8 in Axes
  5063 | D:7      | Identified the +3 ring mail "Tighos" {rElec} (You found it
                  | on level 7 of the Dungeon)
  5389 | D:7      | Reached ***** piety under Trog
  5510 | D:7      | Reached skill level 1 in Shields
  5684 | D:8      | Received a gift from Trog
  5746 | D:8      | Noticed Maurice
  5759 | D:8      | HP: 2/87 [acid (10)]
  5773 | D:8      | Killed Maurice
  5792 | D:8      | Reached skill level 9 in Axes
  5814 | D:8      | Reached XP level 10. HP: 35/64 MP: 13/13
  6045 | D:8      | Got a warped morningstar
  6124 | D:8      | Got a scorched ring mail
  6199 | D:8      | Found an iron altar of Okawaru.
  6813 | D:9      | Noticed Pikel
  6847 | D:9      | Killed Pikel
  6847 | D:9      | Reached skill level 10 in Axes
  6882 | D:9      | You fall into a shaft and drop 3 floors!
  7023 | D:11     | Noticed a four-headed hydra
  7033 | D:11     | Killed a four-headed hydra
  7102 | D:10     | Entered Level 10 of the Dungeon
  7206 | D:10     | Received a gift from Trog
  7206 | D:10     | Reached skill level 11 in Axes
  7206 | D:10     | Reached XP level 11. HP: 71/72 MP: 14/14
  7330 | D:10     | You fall into a shaft and drop 3 floors!
  7394 | D:12     | Noticed a five-headed hydra
  7403 | D:12     | Found Zuff's Weapon Boutique.
  7463 | D:12     | Found Nojiemm's Magic Scroll Boutique.
  7510 | D:12     | Reached skill level 10 in Fighting
  7548 | D:12     | Bought a scroll of teleportation for 48 gold pieces
  7548 | D:12     | Bought a scroll of identify for 32 gold pieces
  7548 | D:12     | Bought a scroll of identify for 32 gold pieces
  7548 | D:12     | Bought a scroll of identify for 32 gold pieces
  7548 | D:12     | Identified the +8 morningstar of Feymeu {freeze, +Blink rC+
                  | Str+2 Dex-2} (You found it on level 8 of the Dungeon)
  7549 | D:12     | Identified the +5 ring mail "Gisumyn" {Regen+ Dex+3} (You
                  | found it on level 8 of the Dungeon)
  7594 | D:12     | Found Jafiucel's Food Shoppe.
  7884 | D:12     | Killed a five-headed hydra
  7930 | D:12     | Reached skill level 12 in Axes
  8074 | D:12     | Found Halow's General Store.
  8079 | D:12     | Bought a +0 shield of protection for 207 gold pieces
  8079 | D:12     | Bought a scroll of identify for 36 gold pieces
  8079 | D:12     | Bought a scroll of identify for 36 gold pieces
  8142 | D:12     | Noticed Nergalle
  8151 | D:12     | Noticed a spectral orc warlord
  8199 | D:12     | Killed Nergalle
  8254 | D:12     | Noticed Rupert
  8415 | D:12     | Killed Rupert
  8415 | D:12     | Reached XP level 12. HP: 80/80 MP: 15/15
  8609 | D:12     | Reached skill level 13 in Axes
  9084 | D:11     | Found a staircase to the Lair.
  9128 | D:11     | Noticed a five-headed hydra
  9154 | D:11     | Killed a five-headed hydra
  9318 | D:11     | Identified the +2 robe of the Cooper {Str+3}
 10513 | D:9      | Found a staircase to the Orcish Mines.
 10997 | D:11     | Reached skill level 5 in Evocations
 11258 | D:13     | Noticed a centaur warrior
 11264 | D:13     | Noticed a catoblepas
 11285 | D:13     | Killed a centaur warrior
 11299 | D:13     | Killed a catoblepas
 11602 | D:13     | Reached XP level 13. HP: 86/86 MP: 11/17
 11943 | D:13     | Reached skill level 14 in Axes
 12177 | D:13     | Found a hide-covered altar of Uskayaw.
 12237 | D:14     | Found Lim Foozoyt's Book Boutique.
 12304 | D:14     | Received a gift from Trog
 12496 | D:14     | Noticed an ice dragon
 12497 | D:14     | Noticed a fire dragon
 12499 | D:14     | Noticed a fire dragon
 12500 | D:14     | Found a runed translucent door.
 12501 | D:14     | Found the +2 shield of Resistance {rF+ rC+ MR+}
 12508 | D:14     | Noticed an ice dragon
 12553 | D:14     | Found a runed translucent door.
 12801 | D:14     | Noticed a sphinx
 12802 | D:14     | Noticed a yaktaur captain
 12803 | D:14     | Noticed a storm dragon
 12818 | D:14     | Killed a yaktaur captain
 12825 | D:14     | Killed a sphinx
 12836 | D:14     | Killed a storm dragon
 12836 | D:14     | Reached skill level 15 in Axes
 13097 | D:14     | Received a gift from Trog
 13450 | D:14     | Noticed an ogre mage
 13459 | D:14     | Noticed a vault guard
 13463 | D:14     | Killed an ogre mage
 13469 | D:14     | Killed a vault guard
 13469 | D:14     | Gained mutation: Your large and strong wings let you fly
                  | indefinitely. [Gargoyle growth]
 13469 | D:14     | Reached XP level 14. HP: 92/92 MP: 18/18
 13493 | D:14     | Reached skill level 16 in Axes
 13565 | D:14     | Found a gate to the Vaults.
 13689 | D:15     | Entered Level 15 of the Dungeon
 14620 | D:15     | Found a staircase to the Depths.
 14924 | Orc:1    | Entered Level 1 of the Orcish Mines
 15132 | Orc:2    | Entered Level 2 of the Orcish Mines
 15154 | Orc:2    | Reached skill level 17 in Axes
 15414 | Orc:1    | Noticed an orc warlord
 15948 | Orc:2    | Killed an orc warlord
 16300 | Orc:2    | Paralysed by an orc sorcerer for 3 turns
 16306 | Orc:2    | Paralysed by an orc sorcerer for 4 turns
 16449 | Orc:2    | Paralysed by an orc sorcerer for 3 turns
 16506 | Orc:2    | Mangled by an orc warrior

Levels and vault maps discovered:
D:1:      scummos_arrival_checkerplants, layout_basic, minmay_tetromino_s4
D:2:      layout_loops_corners, lemuel_doored_altar, old_standard_altar,
          first_ration, grunt_dithmenos_smoke, uniq_jessica
D:3:      layout_rooms, old_standard_altar, marbit_many_paths,
          gup_sewer_entry_glass, minmay_stone_trees_medium
D:4:      wander_river, layout_loops_ring, overflow_temple_1_default,
          chequers_jeans
D:5:      kennysheep_steamy, layout_loops_ring,
          minmay_temple_entry_enclosed_plants
D:6:      layout_rooms
D:7:      layout_gridville, nicolae_ossuary_entry_false_entrances, uniq_joseph
D:8:      layout_cave_pools, okawaru_humans, uniq_maurice
D:9:      layout_basic, orc_0_dummy, uniq_pikel
D:10:     layout_cave_pools
D:11:     layout_roguey, david_lair_generic
D:12:     layout_roguey, serial_shops, shop, shop,
          nicolae_shop_temple_entry_statues_fountains, kennysheep_little_box,
          grunt_pizzeria, uniq_nergalle, uniq_rupert
D:13:     layout_basic, basic_altar
D:14:     minmay_bad_star, layout_basic, david_vaults_5, serial_shops, shop,
          nicolae_wwwww, minmay_guarded_unrand_resistance
D:15:     gammafunk_depths_entry_grave, layout_basic
Orc:1:    layout_caves
Orc:2:    grunt_orc_cross, layout_caves

Skill      XL: |  1  2  3  4  5  6  7  8  9 10 11 12 13 14 |
---------------+-------------------------------------------+-----
Axes           | 3 4 5 6 7 9 11 12 13 15 17 | 17.2
Dodging        | 2 3 4 |  4.0
Armour         | 3 4 5 6 7 8 |  8.0
Fighting       | 4 5 6 8 9 11 12 | 12.0
Evocations     | 2 4 5 6 7 |  7.1
Shields        | 2 4 |  4.0

Action                   |  1- 3 |  4- 6 |  7- 9 | 10-12 | 13-15 || total
-------------------------+-------+-------+-------+-------+-------++-------
Melee: Hand axe          |    53 |       |       |       |       ||    53
       Spear             |    79 |   252 |   861 |  2092 |  2255 ||  5539
       War axe           |       |       |       |     1 |       ||     1
Invok: Berserk           |     1 |     4 |     6 |    18 |    18 ||    47
       Trog's Hand       |       |       |     1 |     7 |    10 ||    18
       Brothers in Arms  |       |       |       |     4 |     3 ||     7
Evoke: Wand              |       |       |     1 |    10 |     6 ||    17
  Use: Scroll            |       |       |     6 |    14 |     6 ||    26
       Potion            |       |       |       |       |     1 ||     1
 Stab: Paralysed         |       |       |       |       |    23 ||    23
  Eat: Chunk             |     1 |     3 |    21 |    30 |    21 ||    76
       Ration            |       |     1 |       |     4 |     6 ||    11
Armor: Animal skin       |    22 |       |       |       |       ||    22
       Scale mail        |    44 |   142 |    88 |       |       ||   274
       Ice dragon scales |       |       |   248 |   988 |       ||  1236
       Plate armour      |       |       |       |    90 |  1198 ||  1288
Dodge: Dodged            |   105 |   122 |   419 |   717 |   819 ||  2182
Block: Shield            |       |       |    88 |   887 |   976 ||  1951

Table legend:
 A = Non-vault XP
 B = Vault XP
 C = Vault XP percentage of total XP
 D = Non-vault monster count
 E = Vault monster count
 F = Vault count percentage of total count
                 A         B        C        D         E       F
            +---------+---------+-------+---------+---------+-------
      Total |   51283 |   25628 |  33.3 |     437 |      95 |  17.9
            +---------+---------+-------+---------+---------+-------
        D:1 |      45 |       1 |   2.2 |      22 |       1 |   4.3
        D:2 |      96 |      37 |  27.8 |      32 |       1 |   3.0
        D:3 |     244 |     158 |  39.3 |      22 |       5 |  18.5
        D:4 |     268 |       0 |   0.0 |      20 |       0 |   0.0
        D:5 |     600 |     358 |  37.4 |       9 |       2 |  18.2
        D:6 |     186 |       0 |   0.0 |       4 |       0 |   0.0
        D:7 |     994 |     460 |  31.6 |      16 |       1 |   5.9
        D:8 |     969 |     865 |  47.2 |      36 |       3 |   7.7
        D:9 |    1728 |     571 |  24.8 |      20 |       1 |   4.8
       D:10 |    3442 |       0 |   0.0 |      38 |       0 |   0.0
       D:11 |    5664 |     438 |   7.2 |      23 |       3 |  11.5
       D:12 |    7420 |    3241 |  30.4 |      57 |       3 |   5.0
       D:13 |    7733 |     641 |   7.7 |      26 |       1 |   3.7
       D:14 |    6079 |   13818 |  69.4 |      27 |      21 |  43.8
       D:15 |   10508 |    2497 |  19.2 |      24 |       6 |  20.0
      Orc:1 |    1546 |       0 |   0.0 |      30 |       0 |   0.0
      Orc:2 |    3761 |    2069 |  35.5 |      31 |       7 |  18.4
      Sewer |       0 |     120 | 100.0 |       0 |       6 | 100.0
    Ossuary |       0 |     354 | 100.0 |       0 |      34 | 100.0
            +---------+---------+-------+---------+---------+-------
